[Event "Titled Tuesday Blitz May 31 Late 2022"]
[White "Taichman, Ori"]
[Black "Abdrlauf, Elham"]
[WhiteFideId "2804069"]
[BlackFideId "1533533"]
[WhiteElo "2227"]
[BlackElo "2371"]
[Result "1-0"]
[Round "02"]
[TimeControl "180+1"]
[Date "2022.05.31"]
[WhiteClock "0:00:27"]
[BlackClock "0:00:20"]

1. e4 e5 2. d4 exd4 3. Qxd4 Nc6 4. Qe3 Nf6 5. Nc3 Bb4 6. Bd2 O-O 7. O-O-O Re8 8. Qg3 d6 9. f3 Be6 10. Nge2 Ne5 11. Bg5 h6 12. Bxh6 Nh5 13. Qg5 Qf6 14. Qxf6 Nxf6 15. Bg5 Nfd7 16. h3 f6 17. Bh4 a5 18. Bf2 Bc5 19. Bxc5 Nxc5 20. Nd4 Bf7 21. a3 Red8 22. Nd5 Bxd5 23. exd5 Re8 24. f4 Ng6 25. f5 Ne5 26. Ne6 Re7 27. g4 Ne4 28. Re1 Ng5 29. Bg2 Nxe6 30. dxe6 c6 31. Rhf1 g5 32. Kd2 Kg7 33. Kc3 d5 34. Rxe5 fxe5 35. f6+ Kf8 36. fxe7+ Kxe7 37. Rf5 e4 38. Rxg5 Kxe6 39. Kd4 Rf8 40. Rf5 Rxf5 41. gxf5+ Kxf5 42. c4 Kf4 43. cxd5 e3 44. Kd3 cxd5 45. Bxd5 b5 46. b4 axb4 47. axb4 e2 48. Kxe2 Kg3 49. Bc6 Kxh3 50. Bxb5 Kg4 51. Bc6 Kf5 52. b5 Ke5 53. Kd3 Kd6 54. Kc4 Kc7 55. Kc5 Kb8 56. b6 Kc8 57. Kb5 Kb8 58. Ka6 Kc8 59. Ka7 Kd8 60. b7 Ke7 61. b8=Q Ke6 62. Qb5 Kd6 63. Qd5+ Ke7 64. Qe5+ Kf8 65. Qf6+ Kg8 66. Qe7 Kh8 67. Be4 Kg8 68. Ka8 1-0


[Site "https://www.chess.com"]

[Event "Titled Tuesday Blitz May 31 Late 2022"]
[White "Tanenbaum, Zachary"]
[Black "Nakamura, Hikaru"]
[WhiteFideId "2060850"]
[BlackFideId "2016192"]
[WhiteElo "2168"]
[BlackElo "2850"]
[Result "0-1"]
[Round "02"]
[TimeControl "180+1"]
[Date "2022.05.31"]
[WhiteClock "0:01:00"]
[BlackClock "0:02:26"]

1. e4 c6 2. d4 g6 3. Nc3 d5 4. Nf3 Bg4 5. h3 Bxf3 6. Qxf3 e6 7. Bf4 Bg7 8. O-O-O Nf6 9. Bg5 h6 10. Bh4 g5 11. Bg3 dxe4 12. Nxe4 Nxe4 13. Qxe4 Qd5 14. Qxd5 cxd5 15. Bxb8 Rxb8 16. a4 h5 17. g3 h4 18. g4 Ke7 19. c3 Rh6 20. Bd3 Rf6 21. Rd2 Bf8 22. Kc2 Kd8 23. Re1 Bd6 24. Bf1 Rc8 25. Bg2 Kc7 26. Rde2 Rf4 27. Kd3 Kb6 28. Kc2 Rxd4 29. Rxe6 fxe6 30. Rxe6 Kc7 31. Rg6 Rf4 32. Bxd5 Rxf2+ 33. Kb3 Bf4 34. Rg7+ Kd6 35. Bxb7 Rb8 36. a5 Bc1 37. Kc4 Rxb2 0-1


[Site "https://www.chess.com"]

[Event "Titled Tuesday Blitz May 31 Late 2022"]
[White "Tregubov, Pavel V."]
[Black "Swiercz, Dariusz"]
[WhiteFideId "4115341"]
[BlackFideId "1126881"]
[WhiteElo "2341"]
[BlackElo "2627"]
[Result "1/2-1/2"]
[Round "02"]
[TimeControl "180+1"]
[Date "2022.05.31"]
[WhiteClock "0:00:05"]
[BlackClock "0:00:08"]

1. e4 e6 2. d4 d5 3. exd5 exd5 4. Nf3 Nf6 5. Bd3 Bd6 6. Qe2+ Be6 7. c4 O-O 8. c5 Be7 9. O-O Nc6 10. a3 Bg4 11. Be3 Re8 12. h3 Bh5 13. b4 Bf8 14. g4 Bg6 15. Bxg6 hxg6 16. Nc3 a6 17. Qc2 Ne4 18. Rfe1 Qd7 19. Rad1 Re6 20. Nxe4 Rxe4 21. Ng5 Re7 22. Nf3 Rae8 23. Qd2 Re4 24. Ng5 R4e7 25. Nf3 f5 26. Nh2 Re4 27. f3 R4e6 28. Bf2 Rxe1+ 29. Rxe1 Rxe1+ 30. Qxe1 Be7 31. f4 Bf6 32. Qd2 Qe6 33. g5 Bd8 34. Nf3 Qe4 35. Ne5 Nxe5 36. dxe5 c6 37. Qd4 Qf3 38. Qe3 Qd1+ 39. Kg2 Qc2 40. Qd4 Kf8 41. Qe3 Ke7 42. h4 Ke6 43. Qf3 Qe4 44. Kg3 a5 45. Qxe4 dxe4 46. Be1 a4 47. Bc3 b6 48. Kf2 bxc5 49. bxc5 Be7 50. Bd4 Kd5 51. Ke3 Bxc5 52. Bxc5 Kxc5 53. Kd2 Kd5 54. Ke3 c5 55. Kd2 c4 56. Ke3 c3 57. Ke2 Kc5 58. Ke3 Kc6 59. Ke2 Kd5 60. Ke3 Kc4 61. e6 c2 62. Kd2 Kb3 63. Kc1 e3 64. e7 e2 65. e8=Q Ka2 66. Qxe2 Ka1 67. Qxc2 1/2-1/2


[Site "https://www.chess.com"]

[Event "Titled Tuesday Blitz May 31 Late 2022"]
[White "Tristan, Leonardo"]
[Black "Yurovskykh, Oleksandr"]
[WhiteFideId "113816"]
[BlackFideId "14134020"]
[WhiteElo "2404"]
[BlackElo "2292"]
[Result "1-0"]
[Round "02"]
[TimeControl "180+1"]
[Date "2022.06.01"]
[WhiteClock "0:02:26"]
[BlackClock "0:01:25"]

1. d4 d5 2. Nf3 Nf6 3. Bf4 c5 4. e3 Nc6 5. Nbd2 cxd4 6. exd4 Bf5 7. Bb5 e6 8. Ne5 Rc8 9. Nxc6 bxc6 10. Ba6 Be7 11. O-O O-O 12. c3 Qb6 13. Bxc8 Rxc8 14. b4 h6 15. h3 a5 16. a3 Ra8 17. Nb3 a4 18. Nc5 Bxc5 19. dxc5 Qb5 20. Be5 Nd7 21. Qd4 f6 22. Bd6 e5 23. Qe3 Qd3 24. Qxd3 Bxd3 25. Rfe1 Kf7 26. f3 h5 27. h4 Nf8 28. Bxf8 Rxf8 29. Kf2 Rh8 30. Ke3 Ke6 31. Kxd3 1-0


[Site "https://www.chess.com"]

[Event "Titled Tuesday Blitz May 31 Late 2022"]
[White "Vajda, Levente"]
[Black "Miszler, Levente"]
[WhiteFideId "1203975"]
[BlackFideId "763276"]
[WhiteElo "2573"]
[BlackElo "1966"]
[Result "1-0"]
[Round "02"]
[TimeControl "180+1"]
[Date "2022.06.01"]
[WhiteClock "0:00:52"]
[BlackClock "0:00:13"]

1. e4 e6 2. d4 d5 3. Nd2 f5 4. exf5 exf5 5. Ngf3 Nf6 6. Bd3 Bd6 7. O-O O-O 8. Ne5 Be6 9. f3 Nbd7 10. Re1 Re8 11. Nf1 c6 12. c3 Qc7 13. Nxd7 Bxd7 14. Bg5 Rxe1 15. Qxe1 Re8 16. Qh4 Be7 17. Re1 Qd6 18. Bf4 Ne4 19. Bxd6 Bxh4 20. Bg3 Bxg3 21. hxg3 Nd6 22. Ne3 Kf7 23. Kf2 Kf6 24. Rh1 h6 25. Nc2 Nf7 26. Na1 b6 27. Nb3 Re7 28. Nc1 Re8 29. Ne2 Nd6 30. Nf4 Re7 31. a4 Re8 32. b3 Re7 33. Bc2 Re8 34. Nd3 Re7 35. Ne5 Nf7 36. f4 Nxe5 37. dxe5+ Kf7 38. b4 c5 39. bxc5 bxc5 40. Rb1 Be6 41. Ke3 Rc7 42. Kd2 d4 43. cxd4 cxd4 44. Rb4 Rc4 45. Rb7+ Kf8 46. Rxa7 Rc3 47. Ra6 Ke7 48. Ra7+ Kf8 49. Bd3 Ra3 50. a5 Ra2+ 51. Kc1 Ra3 52. Kc2 Ra2+ 53. Kc1 Ra3 54. Bb5 Rxg3 55. a6 Rxg2 56. Rb7 Ra2 57. a7 Bd5 58. Rd7 Be4 59. e6 Ra5 60. e7+ Kf7 61. Rb7 Rxb5 62. Rxb5 Kxe7 63. Re5+ Kf6 64. Rxe4 fxe4 65. a8=Q Kf5 66. Qf8+ Kg4 67. Kd2 Kf3 68. Qxg7 e3+ 69. Ke1 d3 70. Qb7+ Kxf4 71. Qd5 d2+ 72. Ke2 1-0


[Site "https://www.chess.com"]

[Event "Titled Tuesday Blitz May 31 Late 2022"]
[White "Weisz, Bryan"]
[Black "Vusatiuk, Vladimir"]
[WhiteFideId "30934133"]
[BlackFideId "14118610"]
[WhiteElo "2125"]
[BlackElo "2157"]
[Result "0-1"]
[Round "02"]
[TimeControl "180+1"]
[Date "2022.06.01"]
[WhiteClock "0:00:18"]
[BlackClock "0:00:18"]

1. e4 e6 2. d4 d5 3. Nd2 c5 4. e5 cxd4 5. Ngf3 Nc6 6. Bd3 Qc7 7. O-O Nxe5 8. Nxe5 Qxe5 9. Bb5+ Bd7 10. Bxd7+ Kxd7 11. Nf3 Qc7 12. Qxd4 Nf6 13. Ne5+ Ke8 14. Bf4 Bd6 15. c4 Nd7 16. Nxd7 Bxf4 17. Qxg7 Kxd7 18. cxd5 Raf8 19. dxe6+ Kc8 20. e7 Re8 21. g3 Kb8 22. Qxf7 Bd6 23. Rac1 Qxe7 24. Qd5 h5 25. Rfd1 Bc7 26. h4 Rhg8 27. Kh1 Ref8 28. Re1 Qd6 29. Qxh5 Rxf2 30. Re8+ Rxe8 31. Qxe8+ Qd8 32. Qxd8+ Bxd8 33. h5 Rxb2 34. Rf1 Kc7 35. h6 Rb6 36. Rf7+ Kc8 37. Rh7 Rg6 38. Kh2 Bf6 39. Kh3 a5 40. g4 a4 41. Rf7 Rxh6+ 42. Kg3 Rg6 43. Kf4 Bd8 44. Kf5 Rg5+ 45. Kf4 b5 46. a3 Rc5 47. Ke4 Rc4+ 48. Kf5 Rc3 49. g5 Rf3+ 50. Ke6 Rxf7 51. Kxf7 Bxg5 52. Ke6 Bc1 53. Kd5 Bxa3 54. Kc6 b4 55. Kb5 b3 56. Kxa4 b2 57. Kxa3 b1=Q 58. Ka4 Kc7 59. Ka5 Kc6 60. Ka4 Kc5 61. Ka3 Kc4 62. Ka4 Qb6 63. Ka3 Qb5 64. Ka2 Qb4 65. Ka1 Kc3 66. Ka2 Kc2 67. Ka1 Qc3+ 68. Ka2 Qc5 69. Ka1 Qd6 70. Ka2 Qe7 71. Ka1 Qf8 72. Ka2 Qf3 73. Ka1 Qb7 74. Ka2 Qb2# 0-1


[Site "https://www.chess.com"]

[Event "Titled Tuesday Blitz May 31 Late 2022"]
[White "Xiong, Jeffery"]
[Black "Melikyan, Gnel"]
[WhiteFideId "2047640"]
[BlackFideId "54109990"]
[WhiteElo "2727"]
[BlackElo "1772"]
[Result "1-0"]
[Round "02"]
[TimeControl "180+1"]
[Date "2022.05.31"]
[WhiteClock "0:00:17"]
[BlackClock "0:00:07"]

1. e4 c5 2. Nf3 Nc6 3. Nc3 g6 4. d4 cxd4 5. Nxd4 Bg7 6. Nxc6 dxc6 7. Qxd8+ Kxd8 8. Bc4 Ke8 9. a4 Nf6 10. f3 Nd7 11. Be3 Ne5 12. Bb3 Be6 13. Bxe6 fxe6 14. Nd1 Nc4 15. Bc1 Rd8 16. Ra2 Kf7 17. b3 Ne5 18. Ke2 c5 19. Be3 b6 20. a5 Nc6 21. axb6 axb6 22. Ra6 Rb8 23. Bxc5 Rhc8 24. Rxb6 Ra8 25. b4 Ra2 26. Ne3 Nd4+ 27. Kd3 Rd8 28. c3 Nxf3+ 29. Kc4 Nd2+ 30. Kb5 Nxe4 31. Rf1+ Ke8 32. Rxe6 Nxc3+ 33. Kc4 Rd7 34. Ng4 Nd5 35. Rfe1 Rc2+ 36. Kb3 Rc3+ 37. Ka4 Bf8 38. R6e5 Rd8 39. Rxd5 Rxd5 40. Nf6+ Kf7 41. Nxd5 Rc2 42. Bxe7 Rxg2 43. Rf1+ Ke6 44. Nf4+ 1-0


[Site "https://www.chess.com"]

[Event "Titled Tuesday Blitz May 31 Late 2022"]
[White "Yang, Kaiqi"]
[Black "Bluebaum, Matthias"]
[WhiteFideId "8604398"]
[BlackFideId "24651516"]
[WhiteElo "2373"]
[BlackElo "2556"]
[Result "0-1"]
[Round "02"]
[TimeControl "180+1"]
[Date "2022.05.31"]
[WhiteClock "0:00:03"]
[BlackClock "0:00:08"]

1. d4 Nf6 2. c4 e6 3. Bf4 d5 4. cxd5 exd5 5. Nc3 Bd6 6. Bxd6 Qxd6 7. e3 Bf5 8. Bd3 Bxd3 9. Qxd3 O-O 10. Nf3 c6 11. O-O Nbd7 12. Rab1 Rfe8 13. Qc2 a5 14. a3 g6 15. Rfc1 Rec8 16. h3 Kg7 17. Nd2 h5 18. Na4 Re8 19. b4 axb4 20. axb4 b5 21. Nc5 Rec8 22. Ra1 Nb6 23. Nb7 Qxb4 24. Rxa8 Rxa8 25. Rb1 Qe7 26. Qxc6 Nc4 27. Nf3 Ra2 28. Qxb5 Na3 29. Qb3 Nxb1 30. Qxa2 Qxb7 31. Ne5 Nc3 32. Qa3 Qb1+ 33. Kh2 Ne2 34. Nf3 Ng4+ 35. hxg4 hxg4 36. Qe7 gxf3 37. Qe5+ Kh7 38. gxf3 Qg1+ 39. Kh3 Qh1+ 40. Kg4 Qg2+ 41. Kh4 Qxf2+ 42. Kg5 Qxf3 43. Qh2+ Kg8 44. Qb8+ Kg7 45. Qe8 Qh5# 0-1


[Site "https://www.chess.com"]

[Event "Titled Tuesday Blitz May 31 Late 2022"]
[White "Zeynalli, Rashad"]
[Black "Shimanov, Aleksandr"]
[WhiteFideId "13403320"]
[BlackFideId "4198603"]
[WhiteElo "2125"]
[BlackElo "2605"]
[Result "0-1"]
[Round "02"]
[TimeControl "180+1"]
[Date "2022.05.31"]
[WhiteClock "0:00:02"]
[BlackClock "0:00:07"]

1. d4 Nf6 2. Bf4 g6 3. e3 Bg7 4. Nf3 O-O 5. Be2 d6 6. h3 c5 7. O-O b6 8. c4 cxd4 9. exd4 d5 10. Nc3 Bb7 11. Ne5 e6 12. Bf3 Na6 13. Qa4 Nc7 14. Rac1 a6 15. c5 b5 16. Qa5 Nce8 17. Qxd8 Rxd8 18. a4 b4 19. Na2 a5 20. Be2 Ra8 21. c6 Bc8 22. Bb5 Ne4 23. f3 N4d6 24. Rfd1 f6 25. Nd7 Rf7 26. Rc5 Bf8 27. Nc1 Nxb5 28. Nxf8 Nxd4 29. Nd7 e5 30. Nb6 Rb8 31. Nxd5 Ne6 32. Rb5 Ra8 33. Be3 Nd6 34. Nxf6+ Rxf6 35. Rxd6 Kf7 36. Nd3 Nc7 37. Nxe5+ Ke7 38. Rxf6 Kxf6 39. Ng4+ Bxg4 40. hxg4 Nxb5 41. axb5 Rc8 42. Bf4 a4 43. Bd2 a3 44. bxa3 bxa3 45. Bc3+ Ke6 46. Kf2 Kd5 47. Ke3 Kc5 48. Be5 Kxb5 49. c7 a2 50. Kf4 Rxc7 51. Kg5 Re7 52. Bf6 Rf7 53. Be5 Kc4 54. f4 Kd5 55. Bh8 Ke4 56. g3 Kf3 57. f5 Kxg3 58. fxg6 hxg6 59. Kxg6 Rf8 60. Be5+ Kxg4 0-1


[Site "https://www.chess.com"]

[Event "Titled Tuesday Blitz May 31 Late 2022"]
[White "Zhigalko, Sergei"]
[Black "Prado Lobo, Jonas"]
[WhiteFideId "13502956"]
[BlackFideId "32050666"]
[WhiteElo "2662"]
[BlackElo "2214"]
[Result "1-0"]
[Round "02"]
[TimeControl "180+1"]
[Date "2022.05.31"]
[WhiteClock "0:00:14"]
[BlackClock "0:00:03"]

1. e4 e5 2. Nf3 Nf6 3. d4 Nxe4 4. Bd3 Nc6 5. d5 Ne7 6. Bxe4 f5 7. Bd3 e4 8. O-O exf3 9. Qxf3 d6 10. Re1 b6 11. Nc3 a6 12. Bg5 g6 13. Re2 Rg8 14. Rae1 Rg7 15. h4 Bb7 16. h5 Qd7 17. Re6 O-O-O 18. h6 Rf7 19. Qe2 Nxd5 20. Nxd5 Bxd5 21. Bxa6+ Kb8 22. Bxd8 Bxe6 23. Qxe6 Qxe6 24. Rxe6 Ka7 25. Bc4 Bxh6 26. Bd5 Rf8 27. Be7 Re8 28. Bc6 Rc8 29. a4 Bf8 30. Bf6 d5 31. Bxd5 Bd6 32. Bc6 Rf8 33. c3 Ka6 34. b4 Ka7 35. Bd4 Rf7 36. a5 Re7 37. axb6+ cxb6 38. Rxd6 1-0


[Site "https://www.chess.com"]

[Event "Titled Tuesday Blitz May 31 Late 2022"]
[White "Andreikin, Dmitry"]
[Black "Moroni, Luca Jr"]
[WhiteFideId "4158814"]
[BlackFideId "865834"]
[WhiteElo "2736"]
[BlackElo "2573"]
[Result "1-0"]
[Round "03"]
[TimeControl "180+1"]
[Date "2022.05.31"]
[WhiteClock "0:00:22"]
[BlackClock "0:00:04"]

1. d4 d5 2. c4 e6 3. Nf3 Nf6 4. g3 dxc4 5. Bg2 c5 6. O-O Nc6 7. Qa4 Bd7 8. Qxc4 cxd4 9. Nxd4 Rc8 10. Nc3 Nxd4 11. Qxd4 Bc5 12. Qf4 Bc6 13. Rd1 Qc7 14. Qxc7 Rxc7 15. Bf4 Rc8 16. Rac1 Ke7 17. Nb5 Bxg2 18. Kxg2 Nd5 19. Be5 f6 20. Rxc5 fxe5 21. Rdc1 Rxc5 22. Rxc5 b6 23. Rc4 a6 24. Nc3 Nxc3 25. Rxc3 Kd6 26. Kf3 Rf8+ 27. Ke3 a5 28. f3 h5 29. Ke4 h4 30. Rb3 hxg3 31. hxg3 Rb8 32. a4 Rb7 33. Rb5 Rb8 34. b3 Rb7 35. g4 Rb8 36. Rxe5 Rc8 37. Rb5 Rc6 38. f4 Kc7 39. Ke5 Kd7 40. g5 Ke7 41. g6 Kd7 42. e4 Ke7 43. f5 exf5 44. exf5 Kd7 45. Rd5+ Ke7 46. Rb5 Kd7 47. Kf4 Ke7 48. Kg5 Kf8 49. Rd5 Rc1 50. Rd8+ Ke7 51. Rg8 Rg1+ 52. Kf4 Rf1+ 53. Ke5 Re1+ 54. Kd5 Kf6 55. Rf8+ Kg5 56. Rf7 Rb1 57. Kc4 Rc1+ 58. Kb5 Rb1 59. Kxb6 Rxb3+ 60. Kxa5 Rb8 61. Ka6 Rb1 62. a5 Rb2 63. Ka7 Rb1 64. a6 Rb2 65. Ka8 Rb1 66. a7 1-0


[Site "https://www.chess.com"]

[Event "Titled Tuesday Blitz May 31 Late 2022"]
[White "Ansh M Shah"]
[Black "Premnath, R."]
[WhiteFideId "25033379"]
[BlackFideId "5021928"]
[WhiteElo "1819"]
[BlackElo "2581"]
[Result "0-1"]
[Round "03"]
[TimeControl "180+1"]
[Date "2022.06.01"]
[WhiteClock "0:00:06"]
[BlackClock "0:00:02"]

1. d4 Nf6 2. c4 e6 3. Nf3 c5 4. g3 cxd4 5. Nxd4 Nc6 6. Bg2 Bc5 7. Nc2 O-O 8. O-O d5 9. cxd5 Nxd5 10. b3 Ndb4 11. Nxb4 Nxb4 12. Nc3 e5 13. Bb2 Rb8 14. a3 Nc6 15. b4 Bb6 16. e3 Be6 17. Nd5 f6 18. Nxb6 Qxb6 19. Bd5 Ne7 20. Bxe6+ Qxe6 21. Qa4 a6 22. Rfd1 Rfd8 23. Qa5 Rdc8 24. Rac1 Rxc1 25. Rxc1 Rc8 26. Rxc8+ Qxc8 27. Qb6 Qc6 28. Qd8+ Kf7 29. Qd2 Qc4 30. f4 e4 31. Bd4 Nd5 32. Kf2 b5 33. Bc5 Ke6 34. g4 g6 35. h3 h5 36. Qd4 Qc2+ 37. Kg1 hxg4 38. hxg4 Qd3 39. Qxd3 exd3 40. Kf2 f5 41. g5 Nc3 42. Ke1 Ne4 43. Kd1 Kd5 44. Kc1 Kc4 45. Kb2 a5 46. Be7 a4 47. Bf8 Nc3 48. Kc1 Nd5 49. Kd2 Nc3 50. Kc1 Ne4 51. Kb2 d2 52. Kc2 d1=Q+ 53. Kxd1 Kb3 54. Kc1 Nc3 55. Bg7 Nd5 56. Bd4 Kxa3 57. e4 fxe4 58. f5 gxf5 59. g6 Ne7 60. g7 Ng8 61. Bc5 Kb3 62. Kb1 a3 63. Kc1 f4 64. Kd2 e3+ 65. Ke2 a2 66. Bd4 Kxb4 67. Kf3 Kc4 68. Ba1 Kd3 69. Kg4 e2 70. Kf5 e1=Q 71. Kg6 Qe7 72. Kh7 Qf7 73. Bf6 f3 74. Bh4 f2 75. Bxf2 a1=Q 76. Bd4 Qh1# 0-1


[Site "https://www.chess.com"]

[Event "Titled Tuesday Blitz May 31 Late 2022"]
[White "Araujo Filho, Luiz Antonio Coel"]
[Black "hakki1"]
[WhiteFideId "2130661"]
[WhiteElo "2235"]
[BlackElo "2455"]
[Result "1-0"]
[Round "03"]
[TimeControl "180+1"]
[Date "2022.06.01"]
[WhiteClock "0:00:08"]
[BlackClock "0:00:10"]

1. d4 g6 2. Nf3 Bg7 3. c4 c6 4. Nc3 d5 5. cxd5 cxd5 6. e3 Nf6 7. Bd3 O-O 8. O-O Nc6 9. a3 Bg4 10. h3 Bxf3 11. Qxf3 e6 12. Bd2 Na5 13. Rad1 Rc8 14. Rfe1 Nc4 15. Bc1 Nxa3 16. Nxd5 Nc2 17. Nxf6+ Qxf6 18. Re2 Qxf3 19. gxf3 Nb4 20. Be4 Rc7 21. f4 Rfc8 22. Bd2 Bf8 23. h4 h5 24. Ra1 b6 25. Ra4 a5 26. Bc3 Be7 27. Re1 Nd5 28. Bxd5 exd5 29. f5 Bxh4 30. fxg6 fxg6 31. Re2 Rf7 32. Kg2 g5 33. Ra3 Rcf8 34. Be1 g4 35. Rb3 Rf6 36. Rb5 Rd8 37. Rc2 Rfd6 38. Rc7 Bg5 39. Rb7 h4 40. R7xb6 Rxb6 41. Rxb6 Kg7 42. Bxa5 Rf8 43. Bc3 Rf3 44. Rd6 h3+ 45. Kg1 Bh4 46. Be1 g3 47. fxg3 Bxg3 48. Bxg3 Rxg3+ 49. Kh2 Rxe3 50. Rxd5 Re2+ 51. Kxh3 Rxb2 52. Kg4 Kf6 53. Kf4 Rf2+ 54. Ke4 Re2+ 55. Kd3 Re1 56. Rh5 Ke6 57. Kc4 Kd6 58. Rh6+ Kd7 59. Kd5 Ra1 60. Ke5 Re1+ 61. Kd5 Ra1 62. Rh7+ Kd8 63. Ke5 Ke8 64. d5 Ra6 65. Rb7 Rg6 66. Kf5 Rd6 67. Ke5 Rg6 68. Ra7 Kd8 69. Rh7 Ke8 70. Kd4 Kd8 71. Kc5 Ra6 72. Kb5 Rd6 73. Kc5 Ra6 74. Rg7 Rg6 75. Rxg6 Kd7 76. Rg7+ Kd8 77. Kd6 Ke8 78. Ra7 Kf8 79. Ke6 Ke8 80. Ra8# 1-0


[Site "https://www.chess.com"]

[Event "Titled Tuesday Blitz May 31 Late 2022"]
[White "Balabayeva, Xeniya"]
[Black "Diaz Rosas, Julio Cesar"]
[WhiteFideId "13719688"]
[BlackFideId "5105099"]
[WhiteElo "1941"]
[BlackElo "2278"]
[Result "0-1"]
[Round "03"]
[TimeControl "180+1"]
[Date "2022.06.01"]
[WhiteClock "0:00:02"]
[BlackClock "0:00:35"]

1. d4 d5 2. Bf4 e6 3. e3 Nf6 4. c3 c5 5. Nd2 Nc6 6. Ngf3 Be7 7. h3 O-O 8. Bd3 Re8 9. O-O Bf8 10. Ne5 Nd7 11. Bh2 g6 12. f4 Bg7 13. Kh1 f6 14. Nxc6 bxc6 15. Nf3 a5 16. Qe2 a4 17. Rae1 Qb6 18. Rf2 Ba6 19. Bxa6 Qxa6 20. Qd2 f5 21. g4 Nf6 22. Rg2 Ne4 23. Qd1 Kh8 24. Ng5 Rab8 25. Nxe4 dxe4 26. h4 cxd4 27. exd4 c5 28. dxc5 Red8 29. Qe2 Qxe2 30. Rgxe2 Rd5 31. Bg1 Bf8 32. h5 Rc8 33. hxg6 hxg6 34. Bd4+ Kg8 35. Rh2 Bg7 36. Be3 Rd3 37. gxf5 exf5 38. Kg1 a3 39. bxa3 Rxc3 40. Kf2 Rxa3 41. Re2 Rca8 42. Kf1 Rc3 43. Bg1 Rc1+ 44. Re1 Rc3 45. Ree2 Bf8 46. Rc2 Raa3 47. Rhe2 Kf7 48. Bd4 Rf3+ 49. Kg2 Rg3+ 50. Kf1 Raf3+ 51. Rf2 Rd3 52. c6 Rxd4 53. c7 Rd1+ 54. Ke2 Rgg1 55. Rh2 Rde1+ 56. Kd2 Bb4+ 0-1


[Site "https://www.chess.com"]

[Event "Titled Tuesday Blitz May 31 Late 2022"]
[White "Bazeev, German"]
[Black "Lomaia, Diana"]
[WhiteFideId "24119350"]
[BlackFideId "13612476"]
[WhiteElo "2493"]
[BlackElo "1744"]
[Result "1-0"]
[Round "03"]
[TimeControl "180+1"]
[Date "2022.05.31"]
[WhiteClock "0:00:35"]
[BlackClock "0:00:24"]

1. d4 Nf6 2. Nf3 g6 3. c4 Bg7 4. Nc3 d5 5. cxd5 Nxd5 6. Qa4+ c6 7. Qa3 O-O 8. Bg5 f6 9. Bh4 Nxc3 10. bxc3 Nd7 11. e3 Nb6 12. Be2 Be6 13. Nd2 Kh8 14. O-O Qd7 15. Rab1 Rfe8 16. Rfd1 f5 17. Bg3 h5 18. Nb3 Nc4 19. Qb4 Nb6 20. Nc5 Qc8 21. Nxe6 Qxe6 22. Qb3 Qxb3 23. Rxb3 e5 24. Bf1 exd4 25. cxd4 Kh7 26. a4 Re7 27. Rdb1 g5 28. h4 f4 29. exf4 gxh4 30. Bxh4 Rd7 31. a5 Na4 32. Rxb7 Rxb7 33. Rxb7 Kh8 34. f5 Bxd4 35. Rd7 c5 36. Be2 Rf8 37. Rxa7 Rxf5 38. Rd7 Nc3 39. Bf3 Na4 40. a6 Nb6 41. a7 Rf8 42. Rb7 c4 43. Be7 Re8 44. Rxb6 Bxb6 45. Bf6+ Kh7 46. a8=Q Rxa8 47. Bxa8 Kg6 48. Bc3 h4 49. Bd5 Kg5 50. Bxc4 Kg4 51. Be2+ 1-0


[Site "https://www.chess.com"]

[Event "Titled Tuesday Blitz May 31 Late 2022"]
[White "Bluebaum, Matthias"]
[Black "Jeet, Jain"]
[WhiteFideId "24651516"]
[BlackFideId "5073022"]
[WhiteElo "2556"]
[BlackElo "2028"]
[Result "1-0"]
[Round "03"]
[TimeControl "180+1"]
[Date "2022.05.31"]
[WhiteClock "0:01:50"]
[BlackClock "0:02:04"]

1. d4 Nf6 2. c4 g6 3. Nc3 Bg7 4. e4 d6 5. Nf3 O-O 6. Be2 Na6 7. Be3 c5 8. d5 Nc7 9. O-O a6 10. a4 b6 11. h3 Bd7 12. e5 Nfe8 13. Bf4 Rb8 14. b3 b5 15. a5 b4 16. Ne4 Bf5 17. Ng3 Bc8 18. Qd2 Bb7 19. h4 f6 20. e6 f5 21. Bh6 Nf6 22. h5 Ng4 23. Bxg7 Kxg7 24. Nh4 Ne5 25. Qg5 h6 26. Ngxf5+ 1-0


[Site "https://www.chess.com"]

[Event "Titled Tuesday Blitz May 31 Late 2022"]
[White "Bryakin, Mikhail"]
[Black "Hardaway, Brewington"]
[WhiteFideId "4165314"]
[BlackFideId "30941849"]
[WhiteElo "2417"]
[BlackElo "1768"]
[Result "0-1"]
[Round "03"]
[TimeControl "180+1"]
[Date "2022.05.31"]
[WhiteClock "0:00:33"]
[BlackClock "0:01:03"]

1. e4 e5 2. d4 exd4 3. Qxd4 Nc6 4. Qd3 Nf6 5. Nc3 Bc5 6. a3 O-O 7. Be3 Ne5 8. Qd2 Bxe3 9. Qxe3 d5 10. O-O-O Neg4 11. Qe1 c6 12. h3 Nh6 13. f4 Qb6 14. e5 Ne4 15. Nxe4 dxe4 16. g4 f5 17. Bc4+ Kh8 18. g5 Ng8 19. Ne2 Qc5 20. Ba2 Ne7 21. Kb1 b6 22. h4 Ba6 0-1


[Site "https://www.chess.com"]

[Event "Titled Tuesday Blitz May 31 Late 2022"]
[White "Chigaev, Maksim"]
[Black "Song, Michael"]
[WhiteFideId "4108116"]
[BlackFideId "2613190"]
[WhiteElo "2457"]
[BlackElo "2274"]
[Result "1/2-1/2"]
[Round "03"]
[TimeControl "180+1"]
[Date "2022.06.01"]
[WhiteClock "0:00:14"]
[BlackClock "0:00:11"]

1. e4 e5 2. Nf3 Nc6 3. g3 Nf6 4. d3 d5 5. exd5 Nxd5 6. Bg2 Bc5 7. O-O O-O 8. Re1 f6 9. c3 Bb6 10. Na3 Bf5 11. Nc4 Qd7 12. Nxb6 Nxb6 13. a4 Qxd3 14. a5 Qxd1 15. Rxd1 Nc4 16. a6 Rad8 17. Re1 b5 18. Nh4 Bd7 19. b3 Nb6 20. Ba3 b4 21. Bxb4 Nxb4 22. cxb4 Be6 23. Rec1 Rf7 24. Rc3 Rfd7 25. Bf3 g5 26. Ng2 f5 27. Ne3 e4 28. Bh5 f4 29. Ng4 Kg7 30. h3 Rd1+ 31. Rxd1 Rxd1+ 32. Kh2 Nd5 33. Rc6 Bxg4 34. Bxg4 Rd2 35. Kg1 e3 36. fxe3 fxg3 37. e4 Ne3 38. Rxc7+ Kf6 39. Rc3 Rg2+ 40. Kh1 Rh2+ 41. Kg1 Rg2+ 42. Kh1 Rh2+ 43. Kg1 Rg2+ 1/2-1/2


[Site "https://www.chess.com"]

[Event "Titled Tuesday Blitz May 31 Late 2022"]
[White "Coelho, Ramyres Santana"]
[Black "Prohorov, Olexandr"]
[WhiteFideId "2120690"]
[BlackFideId "14105578"]
[WhiteElo "1888"]
[BlackElo "1993"]
[Result "1-0"]
[Round "03"]
[TimeControl "180+1"]
[Date "2022.06.01"]
[WhiteClock "0:00:06"]
[BlackClock "0:00:08"]

1. e4 c5 2. Nf3 e6 3. d4 cxd4 4. c3 Qb6 5. cxd4 Nf6 6. Nc3 Bb4 7. Bd3 d5 8. e5 Ne4 9. Bd2 Nxd2 10. Qxd2 Bd7 11. a3 Bxc3 12. bxc3 Nc6 13. O-O Rc8 14. Rab1 Qc7 15. Ng5 h6 16. Nh3 Na5 17. Rfc1 Ba4 18. Qf4 Qe7 19. g4 Nb3 20. Bb5+ Bxb5 21. Rxb3 Ba4 22. Rb4 b5 23. Qe3 a5 24. Rxa4 bxa4 25. f4 Qxa3 26. f5 Qb2 27. fxe6 fxe6 28. Nf4 Kd7 29. Nd3 Qb5 30. Nc5+ Rxc5 31. dxc5 Rc8 32. c6+ Rxc6 33. Qa7+ Rc7 34. Qa8 Qc5+ 35. Kg2 Qe3 36. Rf1 Qe4+ 37. Kg1 Qxg4+ 38. Kh1 Qg6 39. Qxa5 Qe8 40. Qxa4+ Kd8 41. Qa8+ Rc8 42. Qa5+ Kd7 43. Rb1 Qd8 44. Rb7+ Ke8 45. Qb5+ Kf8 46. Qb4+ Kg8 47. Qg4 Qf8 48. Qxe6+ Kh8 49. Qg6 Re8 50. Rf7 Qg8 51. e6 d4 52. e7 Rc8 53. Rf8 d3 54. Rxg8+ Rxg8 55. e8=Q Rxe8 56. Qxe8+ Kh7 57. Qe4+ g6 58. Qxd3 Kg7 59. Qd6 1-0


[Site "https://www.chess.com"]

[Event "Titled Tuesday Blitz May 31 Late 2022"]
[White "Daeschler, Florian"]
[Black "Amburgy, Ryan"]
[WhiteFideId "20678193"]
[BlackFideId "30924820"]
[WhiteElo "2195"]
[BlackElo "2066"]
[Result "1-0"]
[Round "03"]
[TimeControl "180+1"]
[Date "2022.06.01"]
[WhiteClock "0:00:13"]
[BlackClock "0:00:16"]

1. d4 Nf6 2. c4 e6 3. Nc3 Bb4 4. Nf3 b6 5. Bg5 Bb7 6. e3 O-O 7. Be2 d6 8. O-O Bxc3 9. bxc3 Nbd7 10. Nd2 h6 11. Bh4 Re8 12. f3 e5 13. e4 Nf8 14. Re1 Ne6 15. Nf1 a5 16. a4 Nf4 17. Ne3 c5 18. Bf1 Ng6 19. Bf2 Rc8 20. Rb1 Bc6 21. Nf5 Qc7 22. Qb3 Rb8 23. Red1 Red8 24. Rd2 Ne7 25. Ne3 cxd4 26. cxd4 Bd7 27. Nd5 Nexd5 28. cxd5 exd4 29. Bxd4 Qb7 30. Bxf6 gxf6 31. Qb2 f5 32. Qf6 Bxa4 33. Bd3 f4 34. Qxh6 f5 35. exf5 Qg7 36. Qxg7+ Kxg7 37. Re2 Re8 38. Re6 Rxe6 39. fxe6 Kf6 40. g3 fxg3 41. hxg3 b5 42. f4 b4 43. Kf2 b3 44. g4 b2 45. g5+ Ke7 46. f5 Rb4 47. f6+ Kf8 48. e7+ Kf7 49. Ke3 Rb3 50. Kd2 Rb4 51. Bf5 Rf4 52. Be6+ Ke8 53. Rxb2 Rf2+ 54. Kc3 Rf3+ 55. Kd4 Rf4+ 56. Ke3 Rb4 57. Rxb4 axb4 58. g6 Bc2 59. Bf7+ Kd7 60. e8=Q+ Kc7 61. Qe7+ Kb6 62. Qxd6+ Kb5 63. Be8+ Kc4 64. Qc6+ Kb3 65. Qxc2+ Kxc2 66. Ba4+ Kc3 67. f7 Kb2 68. f8=Q Ka3 69. Bd1 Ka2 70. Qxb4 Ka1 71. Kd2 Ka2 72. Kc2 Ka1 73. Qb1# 1-0


[Site "https://www.chess.com"]